 Dungeon Crawl Stone Soup version 0.31-a0-221-gbddc013574 (webtiles) character file.

Game seed: 9510776049055741183

95 dialectric the Shooter (level 4, -2/45 HPs)
             Began as an Ogre Hunter on July 4, 2023.
             Was a Follower of Vehumet.
             Slain by a gnoll
             ... wielding a +0 spear
              (5 damage)
             ... on level 4 of the Dungeon.
             The game lasted 00:03:55 (2533 turns).

dialectric the Shooter (Ogre Hunter)                Turns: 2533, Time: 00:03:55

Health: -2/45      AC:  3    Str: 17    XL:     4   Next: 66%
Magic:  4/4        EV: 10    Int: 10    God:    Vehumet [*.....]
Gold:   150        SH:  0    Dex: 12    Spells: 3/3 levels left

rFire   . . .        m - +0 flail
rCold   . . .        (no shield)
rNeg    . . .        c - +0 robe
rPois   .            (helmet restricted)
rElec   .            (no cloak)
rCorr   .            (gloves unavailable)
SInv    .            (boots unavailable)
Will    +....        (no amulet)
Stlth   ++           n - ring of willpower
HPRegen 0.27/turn    (no ring)
MPRegen 0.09/turn

%: no passive effects
@: no status effects
A: large, unfitting armour, tough skin 1, claws 1
a: Renounce Religion


You were on level 4 of the Dungeon.
You worshipped Vehumet.
Vehumet was aware of your devotion.
You visited 1 branch of the dungeon, and saw 4 of its levels.

You collected 150 gold pieces.

Inventory:

Hand Weapons
 a - a +0 shortbow
 g - a +0 short sword
 m - a +0 flail (weapon)
Armour
 c - a +0 robe (worn)
 h - a +0 pair of gloves
Jewellery
 n - a ring of willpower (left claw)
Scrolls
 b - a scroll of butterflies
 d - 3 scrolls of immolation {unknown}
 e - a scroll of blinking {unknown}
 f - 6 scrolls of identify {unknown}
 k - a scroll of fear {unknown}
 l - 2 scrolls of fog {unknown}
 p - a scroll of amnesia {unknown}
Potions
 i - a potion of brilliance
 o - a potion of lignification {unknown}


   Skills:
 + Level 3.4 Fighting
 - Level 0.4 Short Blades
 + Level 0.6 Maces & Flails
 + Level 3.5 Ranged Weapons
 * Level 2.7 Dodging
 - Level 1.0 Stealth


You had 3 spell levels left.
You didn't know any spells.
Your spell library contained the following spells:

 Spells                   Type           Power      Damage    Failure   Level
 Magic Dart               Conj           0%         1d3       36%         1
 Apportation              Tloc           0%         N/A       36%         1
 Necrotise                Necr           0%         1d4       36%         1
 Summon Small Mammal      Summ           0%         N/A       36%         1


Dungeon Overview and Level Annotations

Branches:
Dungeon (4/15)
 Temple: D:4-7

Altars:
Cheibriados
Dithmenos
Makhleb
Vehumet

Annotations:
D:3 2 transporters, 123456's ghost, amateur MiFi


Innate Abilities, Weirdness & Mutations

You are too large for most types of armour.
You have tough skin. (AC +1)
You have sharp fingernails.


Message History

m - a +0 flail (weapon)
Okay, then.
The gnoll closely misses you.
It was a potion of curing.
You feel better.
The gnoll hits you from afar with a +0 spear!
The gnoll hits you with a +0 spear.
You closely miss the gnoll.
The gnoll is heavily wounded.
The gnoll hits you with a +0 spear!
You are too injured to fight recklessly!
You hit the gnoll but do no damage.
The gnoll is heavily wounded.
The gnoll hits you with a +0 spear.
Unknown command.
You hit the gnoll.
The gnoll is moderately wounded.
The gnoll barely misses you. The gnoll hits you with a +0 club.
* * * LOW HITPOINT WARNING * * *
You are too injured to fight recklessly!
You barely miss the gnoll.
The gnoll is moderately wounded.
The gnoll closely misses you. x2; The gnoll barely misses you.
The gnoll hits you from afar with a +0 spear.
* * * LOW HITPOINT WARNING * * *
You are too injured to fight recklessly!
You hit the gnoll but do no damage.
The gnoll is moderately wounded.
The gnoll hits you from afar with a +0 spear.
* * * LOW HITPOINT WARNING * * *
The gnoll barely misses you.
You hit the gnoll.
The gnoll is heavily wounded.
The gnoll hits you from afar with a +0 spear.
* * * LOW HITPOINT WARNING * * *
The gnoll barely misses you.
Unknown command.
You barely miss the gnoll.
The gnoll is heavily wounded.
The gnoll hits you from afar with a +0 spear.
You die...

#.#.#....#######>#.##.
#................#....
##...#####..........#.
#.#.# #.#..........
#g#.#####.#.#........
#g#....##.#.......#..
#.####.##...#.#.####.
#g####.##............
#ggg@..####.#.#..####
######## #......# #
######.# # #.####
#..... ######


You could see 4 gnolls.

Vanquished Creatures
  4 adders
  A white imp (D:3)
  2 dart slugs
  An orc (D:4)
  5 bats
  7 endoplasms
  2 giant cockroaches (D:3)
  A goblin (D:1)
  2 hobgoblins
  9 kobolds
  2 quokkas
  6 ball pythons
  4 frilled lizards
  2 rats
48 creatures vanquished.

Notes
Turn   | Place    | Note
-------+----------+-------------------------------------------
     0 | D:1      | dialectric the Ogre Hunter began the quest for the Orb.
     0 | D:1      | Reached XP level 1. HP: 22/22 MP: 1/1
   135 | D:1      | Reached XP level 2. HP: 16/29 MP: 2/2
   501 | D:1      | Reached XP level 3. HP: 20/36 MP: 3/3
  1180 | D:2      | Gained mutation: You have sharp fingernails. [potion of
                  | mutation]
  1739 | D:2      | Reached skill level 1 in Stealth
  1739 | D:2      | Reached XP level 4. HP: 45/45 MP: 4/4
  2011 | D:3      | Found a faded altar of an unknown god.
  2011 | D:3      | Found a burning altar of Makhleb.
  2019 | D:3      | Found a faded altar of an unknown god.
  2021 | D:3      | Found a shadowy altar of Dithmenos.
  2025 | D:3      | Prayed at the altar of an unknown god.
  2025 | D:3      | Became a worshipper of Vehumet
  2025 | D:3      | Reached * piety under Vehumet
  2025 | D:3      | Offered knowledge of Magic Dart by Vehumet.
  2030 | D:3      | Found a snail-covered altar of Cheibriados.
  2110 | D:3      | Found a transporter.
  2111 | D:3      | Found a transporter.
  2125 | D:3      | Noticed a gnoll sergeant
  2206 | D:3      | Noticed 123456's ghost (amateur MiFi)
  2328 | D:3      | Found a faded altar of an unknown god.
  2533 | D:4      | Slain by a gnoll

Illustrated notes

Levels and vault maps discovered:
D:1:      amcnicky_arrival_feature_with_door, layout_basic
D:2:      layout_rooms, serial_aquarium, aquarium_bridge_square
          [aquarium_subvault_bridge, aquarium_subvault_balcony,
          aquarium_subvault_bridge, aquarium_subvault_bridge],
          aquarium_window_corridor_1, aquarium_window_2, aquarium_window_1,
          aquarium_view_4, aquarium_view_2d, aquarium_pool_side
D:3:      layout_rooms, chequers_temple_overflow_minitemple,
          gammafunk_ghost_gnarly_gnolls, chequers_ecumenical_altar_lobes
D:4:      layout_basic, serial_glass, glass_columns_a, glass_columns_a,
          nicolae_the_louvre, uniq_sigmund

Skill      XL: |  1  2  3 |
---------------+----------+-----
Ranged Weapons | 3 |  3.5
Dodging        | 2 |  2.7
Fighting       | 3 |  3.4
Stealth        | 1 |  1.0
Short Blades   | |  0.4
Maces & Flails | |  0.6

Action                     |  1- 3 |  4- 6 || total
---------------------------+-------+-------++-------
  Melee: Short sword       |    68 |       ||    68
         Flail             |    53 |    16 ||    69
         Punch             |     1 |       ||     1
   Fire: Shortbow          |    12 |    58 ||    70
    Use: Potion            |     3 |     1 ||     4
   Stab: Sleeping          |     4 |     1 ||     5
 Armour: Robe              |    41 |    12 ||    53
  Dodge: Dodged            |    96 |    27 ||   123

Table legend: (Time is in decaauts)
 A = Elapsed time spent in this place.
 B = Non-inter-level travel time spent in this place.
 C = Inter-level travel time spent in this place.
 D = Time resting spent in this place.
 E = Time spent auto-exploring this place.
 F = Levels seen in this place.
 G = Mean time per level.
                   A        B        C        D        E       F      G
               +--------+--------+--------+--------+--------+-----+--------+
         Total |   2572 |   2457 |    115 |      0 |   1967 |   4 |  643.0 |
       Dungeon |   2572 |   2457 |    115 |      0 |   1967 |   4 |  643.0 |
               +--------+--------+--------+--------+--------+-----+--------+

Top non-repeatable levels by time:
     D:1: 1095 daAuts
     D:2: 704 daAuts
     D:3: 634 daAuts
     D:4: 137 daAuts
